 Dungeon Crawl Stone Soup version 0.27.1-34-g3ba077fa99 (webtiles) character file.

Game seed: 11613266982101663931

1201 multipassport the Stinger (level 8, -1/52 HPs)
             Began as a Demonspawn Venom Mage on Jan 16, 2022.
             Was a Believer of Dithmenos.
             Slain by a two-headed ogre (23 damage)
             ... on level 6 of the Dungeon.
             The game lasted 00:26:17 (5286 turns).

multipassport the Stinger (Demonspawn Venom Mage)   Turns: 5286, Time: 00:26:18

Health: -1/52      AC:  8    Str:  8    XL:     8   Next: 21%
Magic:  14/14      EV: 14    Int: 19    God:    Dithmenos [**....]
Gold:   216        SH:  5    Dex: 20    Spells: 12/16 levels left

rFire    . . .     SeeInvis .   n - +3 dagger (elec)
rCold    . . .     Faith    .   (no shield)
rNeg     . . .     Spirit   .   a - +0 robe
rPois    .         Reflect  +   h - +1 hat {Stlth+}
rElec    .         Harm     .   (no cloak)
rCorr    +         Rampage  .   r - +1 pair of gloves
Will     .....                  (no boots)
Stlth    ++++......             b - amulet "Ututozoyli" {Reflect rCorr SH+5}
HPRegen  0.17/turn              l - +6 ring of dexterity
MPRegen  0.14/turn              (no ring)

@: wreathed by umbra
A: claws 1, molten scales 2, foul stench 2
a: Renounce Religion, Shadow Step


You were on level 6 of the Dungeon.
You worshipped Dithmenos.
Dithmenos was pleased with you.
You visited 2 branches of the dungeon, and saw 7 of its levels.

You collected 216 gold pieces.

Inventory:

Hand Weapons
 m - a +0 dagger of protection
 n - a +3 dagger of electrocution (weapon)
 q - a +1 dagger of speed
Armour
 a - a +0 robe (worn)
 h - a +1 hat of stealth (worn)
 r - a +1 pair of gloves (worn)
Magical Staves
 f - a staff of earth
Jewellery
 b - the amulet "Ututozoyli" (around neck) {Reflect rCorr SH+5}
   (You acquired it on level 5 of the Dungeon)

   [amulet of reflection]

   It reflects blocked missile attacks.
   rCorr:     It protects you from acid and corrosion.
   SH:        It affects your SH (+5).
 i - an amulet of regeneration
 k - a ring of ice
 l - a +6 ring of dexterity (left hand)
Wands
 s - a wand of mindburst (12)
Scrolls
 d - 2 scrolls of magic mapping
 e - 2 scrolls of identify
 p - 2 scrolls of teleportation
Potions
 c - 3 potions of heal wounds
 g - a potion of attraction
 j - a potion of might
 o - 3 potions of curing


   Skills:
 + Level 4.2 Dodging
 - Level 1.7 Stealth
 + Level 4.5 Spellcasting
 + Level 3.7 Conjurations
 + Level 0.0 Hexes
 - Level 2.1 Transmutations
 + Level 3.3 Air Magic
 + Level 5.3 Poison Magic


You had 12 spell levels left.
You knew the following spells:

 Your Spells              Type           Power      Damage    Failure   Level
a - Sting                 Tmut/Pois      72%        1d6       2%          1
b - Mephitic Cloud        Conj/Pois/Air  20%        N/A       7%          3

Your spell library contained the following spells:

 Spells                   Type           Power      Damage    Failure   Level
 Poisonous Vapours        Pois/Air       40%        N/A       3%          2
 Summon Small Mammal      Summ           16%        N/A       13%         1
 Olgreb's Toxic Radiance  Pois           24%        N/A       14%         4
 Call Canine Familiar     Summ           4%         N/A       36%         3
 Summon Guardian Golem    Hex/Summ       4%         N/A       36%         3
 Tukima's Dance           Hex            4%         N/A       36%         3
 Passage of Golubria      Tloc           N/A        N/A       78%         4
 Yara's Violent Unravell  Hex/Tmut       4%         3d4       93%         5


Dungeon Overview and Level Annotations

Branches:
Dungeon (6/15)             Temple (1/1) D:5

Altars:
Dithmenos

Shops:
D:3 !   D:5 [


Innate Abilities, Weirdness & Mutations

You have sharp fingernails.
You are mostly covered in molten scales. (AC +3)
You sometimes emit foul miasma when damaged in melee.


Message History

The two-headed ogre looks more healthy.
Found a whip.
Your magical contamination has completely faded away.
The two-headed ogre closely misses you. The two-headed ogre misses you.
There is a stone staircase leading up here.
Casting: Sting (safe; 2% risk of failure)
Confirm with . or Enter, or press ? or * to list all spells.
Aiming: Mephitic Cloud (dangerous; 7% risk of failure)
Press: ? - help, Shift-Dir - straight line, p - two-headed ogre That beam is likely to hit you.
Continue anyway?
The ball explodes into a vile cloud!
The stinking cloud engulfs you but does no damage.
You are engulfed in noxious fumes.
You choke on the stench!
You are confused.
You are engulfed in noxious fumes.
You choke on the stench!
You are more confused.
The two-headed ogre is engulfed in noxious fumes.
The two-headed ogre is engulfed in noxious fumes.
The two-headed ogre appears confused.
The two-headed ogre is engulfed in noxious fumes.
The two-headed ogre appears confused.
You feel less confused.
The two-headed ogre is engulfed in noxious fumes.
The two-headed ogre appears confused.
The two-headed ogre is engulfed in noxious fumes.
The two-headed ogre appears confused.
There is a stone staircase leading up here.
You climb upwards.
There is a stone staircase leading down here.
You start resting.
Magic restored.
You climb downwards.
The two-headed ogre hits you with a +0 giant club!!
Ouch! That really hurt!
You emit a cloud of foul miasma!
The two-headed ogre misses you.
There is a stone staircase leading up, spattered with blood here.
The two-headed ogre is engulfed in dark miasma.
The two-headed ogre is poisoned.
The two-headed ogre closely misses you.
The two-headed ogre hits you with a +0 giant club!!
You die...

#.#..).......
#.##....####
#.###.#.# #.#
#.# # ### #.#
#.# #.. #.# #.#
#.# #.# #.#
#.###.# #.#
######.@...###.#
#......O.......#
#.####.#########
#.# #.# #.# #.#
#.# #.# #.# #.#
#######.####.#
..)..........#


You could see a two-headed ogre (poisoned).

Vanquished Creatures
  Eustachio (D:5)
  2 ice beasts
  An orc warrior (D:5)
  A necrophage (D:2)
  A scorpion (D:4)
  A gnoll sergeant (D:5)
  A water moccasin skeleton (D:4)
  4 hounds
  A bullfrog zombie (D:6)
  An orc priest (D:3)
  A centaur skeleton (D:5)
  4 iguanas
  A howler monkey skeleton (D:4)
  12 gnolls
  3 adders
  A worm (D:2)
  3 dart slugs (D:1)
  8 orcs
  5 ball pythons
  9 endoplasms
  2 giant cockroaches
  11 hobgoblins
  4 jackals
  12 kobolds
  A quokka (D:4)
  9 bats
  5 frilled lizards
  6 goblins
  6 rats
117 creatures vanquished.

Notes
Turn   | Place    | Note
-------+----------+-------------------------------------------
     0 | D:1      | multipassport the Demonspawn Venom Mage began the quest for
                  | the Orb.
     0 | D:1      | Reached XP level 1. HP: 13/13 MP: 3/3
    63 | D:1      | Reached skill level 1 in Transmutations
   218 | D:1      | Gained mutation: You may rarely emit foul miasma when
                  | damaged in melee. [demonic ancestry]
   218 | D:1      | Reached XP level 2. HP: 19/19 MP: 1/5
   862 | D:1      | Reached XP level 3. HP: 23/24 MP: 2/6
  1182 | D:2      | Learned a level 3 spell: Mephitic Cloud
  1292 | D:2      | Noticed a necrophage
  1378 | D:2      | Killed a necrophage
  1379 | D:2      | Reached skill level 1 in Conjurations
  1379 | D:2      | Gained mutation: You are partially covered in molten
                  | scales. (AC +2) [demonic ancestry]
  1379 | D:2      | Reached XP level 4. HP: 22/30 MP: 6/8
  1503 | D:2      | Reached skill level 1 in Air Magic
  1503 | D:2      | Gained mutation: You have sharp fingernails. [demonic
                  | ancestry]
  1503 | D:2      | Reached XP level 5. HP: 31/35 MP: 5/9
  2285 | D:3      | Found Mofies's Distillery.
  2495 | D:3      | Reached skill level 4 in Poison Magic
  2689 | D:3      | Found a faded altar of an unknown god.
  2702 | D:3      | Became a worshipper of Dithmenos the Shadowed
  2702 | D:3      | Reached * piety under Dithmenos
  3090 | D:4      | Reached XP level 6. HP: 41/41 MP: 8/10
  3682 | D:5      | Entered Level 5 of the Dungeon
  3682 | D:5      | Noticed an ice beast
  3738 | D:4      | Killed an ice beast
  3739 | D:4      | Gained mutation: You sometimes emit foul miasma when
                  | damaged in melee. [demonic ancestry]
  3739 | D:4      | Reached XP level 7. HP: 46/46 MP: 7/12
  4182 | D:5      | Identified a scroll of acquirement
  4182 | D:5      | Acquired the amulet "Ututozoyli" {Reflect rCorr SH+5}
  4221 | D:5      | Reached ** piety under Dithmenos
  4262 | D:5      | Reached skill level 5 in Poison Magic
  4558 | D:5      | Gained mutation: You are mostly covered in molten scales.
                  | (AC +3) [demonic ancestry]
  4558 | D:5      | Reached XP level 8. HP: 51/52 MP: 12/14
  4595 | D:5      | Noticed Eustachio
  4609 | D:5      | Killed Eustachio
  4785 | D:5      | Found a staircase to the Ecumenical Temple.
  4800 | Temple   | Entered the Ecumenical Temple
  5004 | D:5      | Found Ojuj's Armour Shop.
  5067 | D:6      | Noticed a two-headed ogre
  5286 | D:6      | Slain by a two-headed ogre

Illustrated notes

Levels and vault maps discovered:
D:1:      lightli_arrival_isolated_outpost, layout_loops_ring, minivault_4
D:2:      layout_rooms, serial_rivers, chequers_serial_rivers_room_b,
          chequers_serial_rivers_small_3, chequers_serial_rivers_small_a,
          chequers_serial_rivers_micro_e
D:3:      layout_loops_ring, basic_ecumenical_altar, serial_shops, shop_statue
D:4:      layout_rooms
D:5:      layout_basic, temple_green, serial_shops, kennysheep_mini,
          uniq_eustachio
D:6:      layout_loops_ring, mainiacjoe_overflow_paths,
          mainiacjoe_overflow_concentric_impassable
Temple:   nicolae_temple_figure_eight

Skill      XL: |  1  2  3  4  5  6  7 |
---------------+----------------------+-----
Transmutations | 1 2 |  2.1
Dodging        | 2 3 4 |  4.2
Conjurations   | 1 2 3 |  3.7
Air Magic      | 1 2 3 |  3.3
Spellcasting   | 3 4 |  4.5
Poison Magic   | 4 5 |  5.3
Stealth        | |  1.7

Action                   |  1- 3 |  4- 6 |  7- 9 || total
-------------------------+-------+-------+-------++-------
Melee: Dagger            |    64 |   123 |    48 ||   235
 Cast: Sting             |    54 |    86 |    54 ||   194
       Mephitic Cloud    |       |       |    18 ||    18
  Use: Potion            |       |     7 |     1 ||     8
       Scroll            |       |     6 |     3 ||     9
 Stab: Confused          |       |       |     1 ||     1
Armor: Robe              |    22 |    45 |    20 ||    87
Dodge: Dodged            |    31 |    77 |    59 ||   167
Block: Other             |       |       |     8 ||     8
